 Dungeon Crawl Stone Soup version 0.31.0-12-g77e489cdc1 (webtiles) character file.

Game seed: 716927321223458134

184 Doomgape the Ruffian (level 5, 0/41 HPs)
             Began as a Demonspawn Shapeshifter on Feb 18, 2024.
             Incinerated by a bombardier beetle (2 damage)
             ... with a burning spray
             ... on level 3 of the Dungeon.
             The game lasted 00:06:35 (2421 turns).

Doomgape the Ruffian (Demonspawn Shapeshifter)      Turns: 2421, Time: 00:06:35

Health: 0/41       AC:  4    Str: 17    XL:     5   Next: 36%
Magic:  5/5        EV: 11    Int: 10    God:
Gold:   126        SH:  0    Dex: 12    Spells: 4/4 levels left

rFire   + . .        l - +1 whip (venom)
rCold   + . .        (no shield)
rNeg    . . .        e - +1 leather armour
rPois   +            (helmet currently unavailable)
rElec   +            (cloak currently unavailable)
rCorr   +            (gloves currently unavailable)
SInv    .            (boots currently unavailable)
Will    .....        (no amulet)
Stlth   +            (no ring)
HPRegen 0.26/turn    (no ring)
MPRegen 0.18/turn

%: no passive effects
@: on fire, beast-form, resistant, glowing
A: beast (slay +2), antennae 1, magic regeneration
a: Begin Untransformation


You were on level 3 of the Dungeon.
You were a hulking beast.
You visited 1 branch of the dungeon, and saw 3 of its levels.

You collected 126 gold pieces.

Inventory:

Hand Weapons
 l - a +1 whip of venom (weapon)
Armour
 e - a +1 leather armour (worn)
 j - a +0 kite shield
Jewellery
 o - a ring of ice
Talismans
 c - a beast talisman
 d - a flux talisman
Wands
 g - a wand of quicksilver (6)
Scrolls
 a - a scroll of fog
 i - a scroll of identify
 p - a scroll of poison {unknown}
Potions
 b - a potion of lignification
 f - a potion of enlightenment


   Skills:
 + Level 3.1 Fighting
 - Level 1.7 Dodging
 + Level 3.8 Unarmed Combat
 + Level 3.7 Shapeshifting


You had 4 spell levels left.
You didn't know any spells.
Your spell library contained the following spells:

 Spells                   Type           Power      Damage    Failure   Level
 Apportation              Tloc           0%         N/A       43%         1
 Jinxbite                 Hex            0%         N/A       56%         2
 Static Discharge         Conj/Air       0%         3-3/arc   56%         2
 Airstrike                Air            0%         2d(0-16)  99%         4
 Summon Lightning Spire   Summ/Air       0%         N/A       99%         4
 Alistair's Intoxication  Alch           0%         N/A       100%        5


Dungeon Overview and Level Annotations

Branches:
Dungeon (3/15)

Altars:
Makhleb


Innate Abilities, Weirdness & Mutations

You are a hulking beast.
Your limbs bulge with bestial killing power. (Slay +2)
You have a pair of small antennae on your head.
You regenerate magic rapidly.


Message History

You are covered in liquid fire!
You shake off some of the fire as you move.
The liquid fire burns you!
You shake off some of the fire as you move.
The liquid fire burns you!
You see here 11 gold pieces.
You now have 126 gold pieces (gained 11).
The liquid fire burns you!
You shake off the liquid fire.
The bombardier beetle sprays incendiary fluid at you.
The burning spray hits you.
You are covered in liquid fire!
You shake off some of the fire as you move.
The liquid fire burns you!
You hit the bombardier beetle.
The bombardier beetle is poisoned.
The bombardier beetle is lightly wounded.
The liquid fire burns you!
You barely miss the bombardier beetle.
The bombardier beetle is moderately wounded.
The liquid fire burns you! The bombardier beetle bites you.
* * * LOW HITPOINT WARNING * * *
You hit the bombardier beetle but do no damage.
The bombardier beetle looks as sick as possible!
The bombardier beetle is heavily wounded.
The liquid fire burns you!
* * * LOW HITPOINT WARNING * * *
The bombardier beetle bites you.
* * * LOW HITPOINT WARNING * * *
Okay, then.
You hit the bombardier beetle but do no damage.
The bombardier beetle looks as sick as possible!
The bombardier beetle is almost dead.
The liquid fire burns you!
* * * LOW HITPOINT WARNING * * *
You kill the bombardier beetle!
Unknown command.
You feel protected. The liquid fire burns you!
You die...

***** *,,,* *****,,****
*,,,,,,,,,* **,**,,***,******
**** *,,**,,###,,,,,,## *,,*
*,***,,*...,***,.####.#*
**,,,,,,,,#.#####......####***
*##,,,*,*,###..†h..#*#.......,,*
#.,,,*,,*,#........# #.......,,*
.,*,,,,**,#.##.....###.......,,*
,>,,,****,*,*#.......#.........##
,,*,** *,,,*#.<...#....#########
,##.# *,,*#......##...#########
....#****,,*#......#....>§.######
..#,,,,,,,,*#.##.###)..###§######
....***,,*,...*#.* #..#.§§§§.§###


There were no monsters in sight!

Vanquished Creatures
  A bullfrog (D:3)
  A bombardier beetle (D:3)
  4 adders (D:3)
  A ribbon worm (D:3)
  6 orcs
  4 bats
  6 endoplasms
  A giant cockroach (D:1)
  2 goblins (D:2)
  4 hobgoblins
  2 jackals (D:2)
  3 kobolds
  A quokka (D:2)
  5 ball pythons
  3 frilled lizards
  A spectral goblin (D:2)
45 creatures vanquished.

Notes
Turn   | Place    | Note
-------+----------+-------------------------------------------
     0 | D:1      | Doomgape the Demonspawn Shapeshifter began the quest for
                  | the Orb.
     0 | D:1      | Reached XP level 1. HP: 15/15 MP: 1/1
   457 | D:1      | Gained mutation: You have a pair of small antennae on your
                  | head. [demonic ancestry]
   457 | D:1      | Reached XP level 2. HP: 21/21 MP: 2/2
   816 | D:2      | Found a faded altar of an unknown god.
  1439 | D:2      | Found a burning altar of Makhleb.
  1595 | D:2      | Reached XP level 3. HP: 27/27 MP: 3/3
  1811 | D:3      | Noticed a bullfrog
  1829 | D:3      | Killed a bullfrog
  1830 | D:3      | Gained mutation: You regenerate magic rapidly. [demonic
                  | ancestry]
  1830 | D:3      | Reached XP level 4. HP: 13/34 MP: 4/4
  2155 | D:3      | Reached XP level 5. HP: 17/40 MP: 5/5
  2420 | D:3      | HP: 1/41 [burnt (4)]
  2421 | D:3      | Incinerated by a bombardier beetle

Illustrated notes

Levels and vault maps discovered:
D:1:      dpeg_arrival_renting, layout_loops_ring
D:2:      layout_loops_corners, basic_altar,
          dreamdust_ecumenical_altar_drowned_temple
D:3:      layout_rooms, serial_glass, glass_columns_a, glass_columns_a,
          glass_columns_c, glass_columns_b, glass_columns_b, glass_columns_b,
          feat_on_display, grunt_ministairs_10

Skill      XL: |  1  2  3  4  5 |
---------------+----------------+-----
Unarmed Combat | 3 |  3.8
Shapeshifting  | 3 |  3.7
Fighting       | 2 3 |  3.1
Dodging        | |  1.7

Action                     |  1- 3 |  4- 6 || total
---------------------------+-------+-------++-------
  Melee: Unarmed           |    67 |       ||    67
         Punch             |     2 |       ||     2
         Whip              |    18 |    49 ||    67
    Use: Scroll            |     2 |     4 ||     6
         Potion            |       |     5 ||     5
   Stab: Sleeping          |     1 |       ||     1
 Armour: Leather armour    |    52 |    38 ||    90
         Animal skin       |     1 |       ||     1
  Dodge: Dodged            |    51 |    27 ||    78
